 Dungeon Crawl Stone Soup version 0.28.0-53-g5a82cb258f (webtiles) character file.

Game seed: 412631884258896757

6 gobodom the Caller (level 1, 0/7 HPs)
             Began as a Felid Summoner on June 22, 2022.
             Slain by a quokka (2 damage)
             ... on level 1 of the Dungeon.
             The game lasted 00:01:35 (145 turns).

gobodom the Caller (Felid Summoner)                  Turns: 145, Time: 00:01:35

Health: 0/7        AC:  1    Str:  4    XL:     1   Next: 75%
Magic:  1/4        EV: 17    Int: 16    God:
Gold:   15         SH:  0    Dex: 16    Spells: 3/4 levels left
                                        Lives:  0   Deaths: 0

rFire   . . .      SeeInvis +   (weapon unavailable)
rCold   . . .      Faith    .   (shield unavailable)
rNeg    . . .      Spirit   .   (armour unavailable)
rPois   .          Reflect  .   (helmet unavailable)
rElec   .          Harm     .   (cloak unavailable)
rCorr   .          Rampage  .   (gloves unavailable)
Will    .....                   (boots unavailable)
Stlth   ++........              (no amulet)
HPRegen 0.02/turn               (no ring)
MPRegen 0.09/turn               (no ring)

@: quick
A: very small, claws 1, fangs 3, see invisible, speed 1, shaggy fur 1, stealthy
paws, no weapons or thrown items, no armour, multi-lived
a: no special abilities


You were on level 1 of the Dungeon.
You visited 1 branch of the dungeon, and saw 1 of its levels.

You collected 15 gold pieces.

Inventory:

Potions
 a - a potion of invisibility {unknown}


   Skills:
 + Level 2.6 Dodging
 + Level 2.8 Stealth
 + Level 2.0 Spellcasting
 + Level 4.3 Summonings


You had 3 spell levels left.
You knew the following spells:

 Your Spells              Type           Power      Damage    Failure   Level
a - Summon Small Mammal   Summ           60%        N/A       3%          1

Your spell library contained the following spells:

 Spells                   Type           Power      Damage    Failure   Level
 Call Imp                 Summ           15%        N/A       5%          2
 Call Canine Familiar     Summ           15%        N/A       11%         3
 Summon Guardian Golem    Hex/Summ       8%         N/A       26%         3
 Summon Lightning Spire   Summ/Air       8%         N/A       65%         4


Dungeon Overview and Level Annotations

Branches:
Dungeon (1/15)

Altars:


Innate Abilities, Weirdness & Mutations

You have sharp claws.
You have razor-sharp teeth.
You have supernaturally acute eyesight. (SInv)
You cover ground quickly. (Speed+)
You are covered in fur. (AC +1)
Your paws help you pounce on unaware monsters.
You are incapable of wielding weapons or throwing items.
You cannot wear armour.
You gain extra lives every three experience levels.


Message History

The quokka misses your bat. The quokka closely misses your bat.
The quokka closely misses your bat. The quokka misses your bat.
The quokka completely misses your bat. The quokka bites your bat.
Your bat dies!
Your bat's corpse disappears in a puff of smoke!
The quokka misses your bat.
Your bat closely misses the quokka. x2; The quokka bites your bat.
Your bat dies!
Your bat's corpse disappears in a puff of smoke!
Your rat barely misses the quokka.
You swap places.
The quokka bites your rat.
Your rat dies!
Your rat's corpse disappears in a puff of smoke!
Your rat closely misses the quokka.
The quokka bites your rat.
Your rat dies!
Your rat's corpse disappears in a puff of smoke!
The quokka bites your quokka.
Your quokka closely misses the quokka.
The quokka bites your quokka.
Your quokka dies!
Your quokka's corpse disappears in a puff of smoke!
A hobgoblin comes into view.
The hobgoblin shouts!
The hobgoblin misses you.
You barely miss the hobgoblin. The hobgoblin hits you.
* * * LOW HITPOINT WARNING * * *
You closely miss the hobgoblin. The hobgoblin misses you.
You scratch the hobgoblin.
The hobgoblin is severely wounded.
The hobgoblin closely misses you.
You scratch the hobgoblin but do no damage.
The hobgoblin is severely wounded.
The quokka misses you. The hobgoblin misses you.
You scratch the hobgoblin.
You kill the hobgoblin!
The quokka bites you.
You die...

##########
#.@†......
#r########
#.# #.#
#K# ##
##.# #.#
####.
.#..# #
#.# #..
.#..>..#.
#.# #.#
...#.##.#
#.# #.#
#.##.##.#
#.# #.#
#.##.##.#


You could see a quokka and a kobold.

Vanquished Creatures
  2 giant cockroaches (D:1)
  A hobgoblin (D:1)
  A rat (D:1)
4 creatures vanquished.

Vanquished Creatures (collateral kills)
  A dart slug (D:1)
1 creature vanquished.

Grand Total: 5 creatures vanquished

Notes
Turn   | Place    | Note
-------+----------+-------------------------------------------
     0 | D:1      | gobodom the Felid Summoner began the quest for the Orb.
     0 | D:1      | Reached XP level 1. HP: 7/7 MP: 4/4
   145 | D:1      | Slain by a quokka

Illustrated notes

Levels and vault maps discovered:
D:1:      minmay_arrival_four_loops, layout_loops_ring,
          hellmonk_ecumenical_altar_dog_temple, moated_statue,
          dk_noncrumbling_3, minmay_box_of_dots

Action                   || total
-------------------------++-------
Melee: Unarmed           ||    11
       Bite              ||     1
 Cast: Summon Small Mamm ||     9
 Stab: Sleeping          ||     2
Dodge: Dodged            ||    11
